[Event "WWRR IM-Group 2024"]
[Site "Wachtebeke"]
[Date "2024.02.12"]
[Round "5.3"]
[White "De Waele, Warre"]
[Black "Hauchamps, Maxime"]
[Result "1-0"]
[ECO "D73"]
[WhiteElo "2345"]
[BlackElo "2267"]
[Annotator "RC"]
[PlyCount "165"]
[EventDate "2024.02.12"]
[EventType "tourn"]
[EventCountry "BEL"]
[SourceTitle "playchess.com"]
[Source "ChessBase"]
[SourceQuality "1"]
[TimeControl "40/5400+30:900+30"]

1. d4 d5 2. c4 c6 3. Nf3 Nf6 4. g3 g6 5. Bg2 Bg7 6. O-O dxc4 7. a4 Ne4 8. Nc3 Nd6 9. e4 Bg4 10. Be3 Na6 11. h3 Bxf3 12. Qxf3 Nb4 13. Qe2 a5 14. f4 Nd3 15. g4 Ra6 16. e5 Rb6 17. Rab1 Rb3 18. exd6 Qxd6 19. Ne4 Qb4 20. Nd2 Rxb2 21. Be4 Qc3 22. Bxd3 cxd3 23. Qf2 O-O 24. Rxb2 Qxb2 25. Rb1 Qa2 26. Rxb7 Qxa4 27. Nf3 Ra8 28. Qb2 Qd1+ 29. Kg2 a4 30. f5 Bf8 31. Qd2 Qe2+ 32. Qxe2 dxe2 33. Bd2 a3 34. Bc3 a2 35. Ba1 Ra3 36. Ne1 gxf5 37. gxf5 Ra5 38. Rb2 Rxf5 39. Rxa2 c5 40. Rxe2 cxd4 41. Bxd4 f6 42. Nf3 Rb5 43. Kg3 Kf7 44. Bb2 Rb4 45. Ba3 Ra4 46. Bc5 Rc4 47. Ba3 Ra4 48. Re3 Ra7 49. Bb4 Ra4 50. Bc5 Rc4 51. Ba3 Ra4 52. Nh4 Ra5 53. Rf3 Ke6 54. Kf2 Rb5 55. Re3+ Kf7 56. Ng2 Rb7 57. Kf3 Ra7 58. Bc5 Ra5 59. Bb4 Rf5+ 60. Ke2 Rb5 61. Re4 Rb7 62. Nf4 e5 63. Bxf8 Kxf8 64. Ng2 Ke7 65. Ne3 Ke6 66. Ra4 Kf7 67. Ra6 Kg7 68. Kf3 Kg6 69. Ra4 Rb1 70. Rg4+ Kf7 71. h4 Ra1 72. Ke4 Ra4+ 73. Kf5 Ra2 74. Rb4 Rf2+ 75. Kg4 Rh2 76. h5 Rh1 77. Rb7+ Kg8 78. Nd5 f5+ 79. Kg5 f4 80. Kf6 h6 81. Ke6 f3 82. Nf6+ Kf8 83. Rf7# 1-0

[Event "WWRR IM-Group 2024"]
[Site "Wachtebeke"]
[Date "2024.02.12"]
[Round "5.4"]
[White "Matnadze Bujiashvili, Ann"]
[Black "Ochs, Daniel Elias"]
[Result "1/2-1/2"]
[ECO "A90"]
[WhiteElo "2364"]
[BlackElo "2280"]
[Annotator "TA"]
[PlyCount "56"]
[EventDate "2024.02.12"]
[EventType "tourn"]
[EventCountry "BEL"]
[SourceTitle "playchess.com"]
[Source "ChessBase"]
[SourceQuality "1"]
[TimeControl "40/5400+30:900+30"]

1. d4 e6 2. c4 f5 3. Nf3 Nf6 4. g3 d5 5. Bg2 c6 6. O-O Bd6 7. Bf4 Bxf4 8. gxf4 O-O 9. Nbd2 Qe7 10. Qb3 Ne4 11. Qe3 Nd7 {[%emt 0:00:04] The position is equal.} 12. Kh1 (12. Rac1 {feels stronger.}) 12... b6 $11 13. Rac1 Ba6 14. b3 Rac8 15. Nxe4 dxe4 16. Ne5 Nxe5 17. dxe5 c5 18. f3 exf3 19. Qxf3 Rfd8 20. Rcd1 {[%emt 0:02:16] Prevents Rd2.} Rc7 21. Rd3 ({Better is} 21. e3 $11) 21... Bb7 22. Qg3 Bxg2+ 23. Qxg2 Rcd7 24. Rff3 (24. Rxd7 $15 Rxd7 25. e4) 24... Rxd3 $17 25. exd3 Qh4 26. Qg3 (26. Rg3 $15 {might be stronger.}) 26... Qe7 27. Qg2 Qh4 28. Qg3 Qe7 {[%emt 0:00:05] Weighted Error Value: White=0.18 (very precise) /Black=0.20 (precise) .  Mistake:       	White=4     	Black=1      Inaccurate:     	White=2     	Black=4      OK:         	White=3     	Black=3      Best:        	White=2     	Black=2} (28... Qxg3 $17 29. hxg3 h5) 1/2-1/2

[Event "WWRR IM-Group 2024"]
[Site "Wachtebeke"]
[Date "2024.02.12"]
[Round "5.5"]
[White "Dobrikov, Marco"]
[Black "Victor, Julian"]
[Result "1-0"]
[ECO "D37"]
[WhiteElo "2260"]
[BlackElo "2216"]
[Annotator "TA"]
[PlyCount "67"]
[EventDate "2024.02.12"]
[EventType "tourn"]
[EventCountry "BEL"]
[SourceTitle "playchess.com"]
[Source "ChessBase"]
[SourceQuality "1"]
[TimeControl "40/5400+30:900+30"]

1. d4 Nf6 2. c4 e6 3. Nf3 d5 4. Nc3 a6 5. cxd5 exd5 6. Bg5 Be6 7. e3 Nbd7 8. Be2 {[%emt 0:02:27] White has an edge.} c6 9. O-O Bd6 10. Rc1 Qc7 11. Bh4 O-O 12. Bg3 Bxg3 13. hxg3 Rfe8 14. Nd2 g6 15. g4 Nb6 16. g5 Nfd7 17. Bd3 Nf8 18. f4 $36 {[%emt 0:03:14][%mdl 2048] Black is under pressure.} Qd7 19. Nf3 {[%emt 0:08:15] White is more active.} Bg4 {[%emt 0:00:17] Black is on the road to losing.} (19... Qe7 $14 {should be considered.}) 20. Qd2 Bxf3 21. Rxf3 Ne6 22. Qf2 c5 (22... Qe7 $16) 23. Rf1 {[%emt 0:02:32] Qh4 is the strong threat.} cxd4 24. exd4 {[%emt 0:00:01] Threatens to win with Rh3.} Rac8 25. Qh4 {[%emt 0:03:52] [#] Hoping for f5.} Nxd4 (25... Qe7 {is a better defense.}) 26. Rh3 $18 h5 27. f5 ({Less strong is} 27. gxh6 Qe7 $16) 27... Nc6 $2 (27... Rc4) 28. fxg6 fxg6 29. Bxg6 Rf8 (29... Qg4 $142 30. Bxe8 (30. Bxh5 Qxh4 31. Rxh4 Re5 $16) (30. Qxh5 Qxh5 31. Rxh5 Re7 $18) 30... Rxe8) 30. Rxf8+ Rxf8 31. Qxh5 {[%emt 0:00:14][%csl Gh3][%cal Rh5h8] White mates.} Qg7 32. Bh7+ Kh8 33. Bf5+ Kg8 34. Be6+ {[%emt 0:00:04] Weighted Error Value: White=0.20 (precise) /Black=0.53.  Mistake:       	---       	Black=4      Inaccurate:     	White=1     	Black=5      OK:         	White=6     	Black=9      Best:        	White=1     	---} 1-0

[Event "WWRR IM-Group 2024"]
[Site "Wachtebeke"]
[Date "2024.02.13"]
[Round "6.1"]
[White "Leenhouts, Koen"]
[Black "Victor, Julian"]
[Result "1-0"]
[ECO "D35"]
[WhiteElo "2433"]
[BlackElo "2216"]
[Annotator "TA"]
[PlyCount "89"]
[EventDate "2024.02.12"]
[EventType "tourn"]
[EventCountry "BEL"]
[SourceTitle "playchess.com"]
[Source "ChessBase"]
[SourceQuality "1"]
[TimeControl "40/5400+30:900+30"]

1. d4 Nf6 2. c4 e6 3. Nc3 d5 4. cxd5 exd5 5. Bg5 Be7 6. e3 h6 7. Bh4 Bg4 8. Qc2 O-O 9. h3 Be6 {[%emt 0:00:19] White has an edge.} 10. Nf3 Ne8 11. Bxe7 Qxe7 12. Bd3 c6 13. O-O Nd7 14. Rae1 a5 15. e4 dxe4 16. Bxe4 Qd6 17. Bh7+ Kh8 {[%emt 0:00:02] ...g6 is the strong threat.} 18. Bf5 Bxf5 19. Qxf5 Nef6 20. Re2 g6 21. Qc2 Kg7 22. Rfe1 Rfe8 23. Ne5 Nf8 (23... Qxd4 $6 24. Rd1 Qxe5 25. Rxe5 Rxe5 26. Rd6 $16) 24. Qb3 Re7 (24... Qc7 $11) 25. Ne4 (25. Nc4 $14 Rxe2 26. Nxd6 (26. Nxe2 Qb4 $11) 26... Rxe1+ 27. Kh2) 25... Nxe4 $11 26. Rxe4 Nh7 (26... Rd8 $11) 27. Qc3 {[%emt 0:02:41] White is much more active.} (27. Nc4 $14 Rxe4 28. Nxd6 (28. Rxe4 Qb4 $16) 28... Rxe1+ 29. Kh2) 27... Nf6 (27... Qd5 $1 $11) 28. Nc4 $1 $36 {[%emt 0:00:29][%csl LRa5,LRd6,LRe7][%mdl 2048] White is really pushing.} Nxe4 29. Nxd6 Nxc3 30. Rxe7 Nxa2 31. Rxf7+ {[%emt 0:02:06][%mdl 4096] Endgame. KRN-KRN} ({Weaker is} 31. Nxb7 Ra7 32. Kf1 Nc1 $17) 31... Kg8 32. Rxb7 Rd8 {[%emt 0:00:40] [#]} (32... Nb4 $16 {keeps fighting.} 33. Nf7 h5) 33. Nc4 ({Better is} 33. Nf7 $1 $18 Rxd4 34. Nxh6+ Kf8 35. Rf7+ Ke8 36. Rf6) 33... a4 34. Ne5 Rxd4 35. Nxc6 Rd1+ 36. Kh2 Rd2 {[%emt 0:00:06] [#]} 37. f4 $1 Nc1 38. Ne5 Rd6 39. Nf7 {[%emt 0:01:15] Wards off Nd3} Rd4 40. Nxh6+ Kf8 $2 (40... Kh8 41. f5 gxf5) 41. f5 $18 Rh4 (41... Rd6 $142 42. h4 Ra6) 42. Rb8+ {[%emt 0:01:34] White is clearly winning.} Kg7 43. Rg8+ Kh7 44. fxg6+ Kxh6 45. Rh8+ {[%emt 0:00:05] Weighted Error Value: White=0.11 (very precise) /Black=0.26 (precise) .  Mistake:       	White=3     	Black=6      Inaccurate:     	---       	Black=1      OK:         	White=15    	Black=15     Best:        	White=4     	Black=2} 1-0

[Event "WWRR IM-Group 2024"]
[Site "Wachtebeke"]
[Date "2024.02.13"]
[Round "6.2"]
[White "Ochs, Daniel Elias"]
[Black "Dobrikov, Marco"]
[Result "0-1"]
[ECO "E10"]
[WhiteElo "2280"]
[BlackElo "2260"]
[Annotator "RC"]
[PlyCount "76"]
[EventDate "2024.02.12"]
[EventType "tourn"]
[EventCountry "BEL"]
[SourceTitle "playchess.com"]
[Source "ChessBase"]
[SourceQuality "1"]
[TimeControl "40/5400+30:900+30"]

1. d4 Nf6 2. c4 c5 3. d5 b5 4. cxb5 a6 5. e3 e6 6. Nc3 Bb7 7. dxe6 fxe6 8. Nf3 Be7 9. Be2 O-O 10. O-O axb5 11. Nxb5 Na6 12. b3 Qb8 13. a4 Ng4 14. h3 Bf6 15. Rb1 Bxf3 16. hxg4 Be4 17. Bd3 Bc6 18. Ba3 Qe5 19. Qe2 Nb4 20. f4 Qb8 21. Bxb4 cxb4 22. g5 Bxb5 23. Bxb5 Bc3 24. Bxd7 Qb6 25. Rbd1 Rad8 26. Kh1 Kh8 27. Bb5 g6 28. Bc4 e5 29. Rxd8 Qxd8 30. Qg4 Qd2 31. Qe6 exf4 32. exf4 Bg7 33. a5 Qd8 34. a6 Re8 35. Qd5 Qc8 36. Qf3 Bd4 37. Rd1 Re3 38. Qb7 Rh3+ 0-1

[Event "WWRR IM-Group 2024"]
[Site "Wachtebeke"]
[Date "2024.02.13"]
[Round "6.3"]
[White "Hauchamps, Maxime"]
[Black "Matnadze Bujiashvili, Ann"]
[Result "1/2-1/2"]
[ECO "B61"]
[WhiteElo "2267"]
[BlackElo "2364"]
[Annotator "RC"]
[PlyCount "113"]
[EventDate "2024.02.12"]
[EventType "tourn"]
[EventCountry "BEL"]
[SourceTitle "playchess.com"]
[Source "ChessBase"]
[SourceQuality "1"]
[TimeControl "40/5400+30:900+30"]

1. e4 c5 2. Nf3 d6 3. d4 cxd4 4. Nxd4 Nf6 5. Nc3 Nc6 6. Bg5 Bd7 7. Qd2 Rc8 8. f3 Nxd4 9. Qxd4 Qa5 10. h4 a6 11. O-O-O h6 12. Be3 e5 13. Qb6 Qxb6 14. Bxb6 Be6 15. g4 Be7 16. Be2 O-O 17. Kb1 Rc6 18. Be3 b5 19. Rd2 Rfc8 20. Nd5 Bxd5 21. exd5 R6c7 22. g5 Nh5 23. Bd3 g6 24. Rg1 Kh7 25. a4 bxa4 26. Rg4 a3 27. b3 Nf4 28. Bxf4 h5 29. Bxe5 hxg4 30. Bd4 g3 31. f4 Kg8 32. Rg2 Bf8 33. h5 gxh5 34. Rxg3 Bg7 35. Bf6 a2+ 36. Kxa2 Rxc2+ 37. Bxc2 Rxc2+ 38. Ka3 Rd2 39. Be7 Rxd5 40. Rh3 Ra5+ 41. Kb4 Rb5+ 42. Ka3 Kh7 43. Rxh5+ Kg6 44. Rh3 d5 45. b4 a5 46. bxa5 Rxa5+ 47. Kb4 Ra7 48. Bd6 Kf5 49. Rh7 Bd4 50. Kb5 f6 51. Rxa7 Bxa7 52. gxf6 Kxf6 53. Be5+ Kf5 54. Kc6 Ke4 55. Bb2 Bb8 56. f5 Kxf5 57. Kxd5 1/2-1/2

[Event "WWRR IM-Group 2024"]
[Site "Wachtebeke"]
[Date "2024.02.13"]
[Round "6.4"]
[White "Gloeckler, Christian"]
[Black "De Waele, Warre"]
[Result "1-0"]
[ECO "C88"]
[WhiteElo "2354"]
[BlackElo "2345"]
[Annotator "RC"]
[PlyCount "81"]
[EventDate "2024.02.12"]
[EventType "tourn"]
[EventCountry "BEL"]
[SourceTitle "playchess.com"]
[Source "ChessBase"]
[SourceQuality "1"]
[TimeControl "40/5400+30:900+30"]

1. e4 e5 2. Nf3 Nc6 3. Bb5 a6 4. Ba4 Nf6 5. O-O Be7 6. Re1 b5 7. Bb3 O-O 8. h3 Bb7 9. d3 d5 10. exd5 Nxd5 11. Nbd2 Qd7 12. a4 f6 13. axb5 axb5 14. Rxa8 Rxa8 15. c3 b4 16. Ne4 Na5 17. Bc2 bxc3 18. bxc3 c5 19. Bd2 Nc6 20. Ng3 g6 21. h4 f5 22. Bb3 Kg7 23. Qb1 Ra7 24. h5 Bf6 25. h6+ Kf8 26. Ng5 Nd8 27. Bxd5 Bxg5 28. Bxg5 Qxd5 29. f3 Nf7 30. Be3 Qc6 31. Bf2 Ra8 32. Qb2 Nxh6 33. Rxe5 Ra5 34. Bxc5+ Kg8 35. Qe2 Rxc5 36. Re8+ Kg7 37. Qe7+ Nf7 38. Rf8 Qd5 39. c4 Qd4+ 40. Kh2 Bd5 41. cxd5 1-0

[Event "WWRR IM-Group 2024"]
[Site "Wachtebeke"]
[Date "2024.02.13"]
[Round "6.5"]
[White "Milliet, Sophie"]
[Black "Van Cappellen, Jonas"]
[Result "1-0"]
[ECO "A62"]
[WhiteElo "2384"]
[BlackElo "2212"]
[Annotator "TA"]
[PlyCount "127"]
[EventDate "2024.02.12"]
[EventType "tourn"]
[EventCountry "BEL"]
[SourceTitle "playchess.com"]
[Source "ChessBase"]
[SourceQuality "1"]
[TimeControl "40/5400+30:900+30"]

1. d4 Nf6 2. c4 e6 3. g3 c5 4. d5 exd5 5. cxd5 d6 6. Nc3 g6 7. Bg2 Bg7 8. Nf3 O-O 9. O-O Re8 10. Re1 Nbd7 {[%emt 0:00:54] A62: Modern Benoni: Fianchetto Variation without early ...Nbd7.} 11. a4 Ng4 12. Nd2 $146 ({Predecessor:} 12. Qb3 a6 13. h3 Nge5 14. Ne4 Qe7 15. Bd2 Rb8 16. Bc3 b6 17. Nxe5 Bxe5 18. Bxe5 Nxe5 {½-½ Campbell,E (2164)-Palladino,M (2248) W-ch WS/M/651 email 2017}) 12... f5 13. Nf3 Nf8 (13... Ndf6 $11) 14. Bf4 $14 a6 15. Qc1 Ne5 16. Nxe5 Bxe5 17. Bxe5 Rxe5 18. f4 Re8 19. e4 fxe4 20. Nxe4 Bf5 21. Ng5 Qd7 22. Qc3 Rxe1+ 23. Rxe1 (23. Qxe1 {simplifies} Re8 24. Qd2 h6 25. Nf3) 23... Re8 24. a5 Rxe1+ 25. Qxe1 Qg7 26. Qd2 Qe7 27. h3 h6 28. Nf3 Bd7 29. g4 Nh7 30. g5 hxg5 31. fxg5 Nf8 32. Qf4 Bf5 33. h4 Bd3 34. Qd2 (34. Kf2 {is interesting.} Bb5 35. Bh3 Qe2+ 36. Kg3) 34... Bf5 35. Qf4 Bd3 36. Kh2 (36. Kf2 {feels hotter.} Qe2+ 37. Kg3 Qe7 38. Bh3) 36... Be2 37. Nd2 Bd3 38. Be4 Bb5 39. Kg3 Kg7 40. Nf3 (40. Kf2 {with more complications.} Qf7 41. Ke3 Qe7 42. Nf3) 40... Be2 41. Ng1 Bb5 42. Kf2 Ba4 (42... Be8 $142) 43. Ne2 $1 $16 Bd1 44. Ng3 Nd7 45. Ke1 $1 Bb3 {[%emt 0:00:23] [#]} 46. Kd2 $1 Qe5 47. Qxe5+ Nxe5 48. h5 gxh5 49. Nf5+ (49. Nxh5+ $16 Kf8 50. Ke3) 49... Kg6 $1 $11 50. Nd4+ (50. Nxd6+ Kxg5 51. Nxb7 Nd7) 50... Kxg5 51. Nxb3 Kf4 52. Bh1 h4 53. Nc1 (53. Ke2 $5 Nc4 $8 54. Bg2 $11) 53... Nc4+ 54. Kc3 Nxa5 55. Nd3+ $1 Ke3 $2 {[%emt 0:00:01][%mdl 8192] [#]} (55... Kf5 $11 {and Black has nothing to worry.}) 56. Nxc5 $1 $18 b5 57. Nxa6 Nc4 58. Nc7 Ne5 59. Nxb5 h3 60. Nxd6 Ng4 61. Nc4+ Kf2 62. d6 Nf6 63. Ne5 Kg1 64. Bc6 1-0

[Event "WWRR IM-Group 2024"]
[Site "Wachtebeke"]
[Date "2024.02.14"]
[Round "7.1"]
[White "Van Cappellen, Jonas"]
[Black "Leenhouts, Koen"]
[Result "1/2-1/2"]
[ECO "C03"]
[WhiteElo "2212"]
[BlackElo "2433"]
[Annotator "TA"]
[PlyCount "72"]
[EventDate "2024.02.12"]
[EventType "tourn"]
[EventCountry "BEL"]
[SourceTitle "playchess.com"]
[Source "ChessBase"]
[SourceQuality "1"]
[TimeControl "40/5400+30:900+30"]

1. e4 e6 2. d4 d5 3. Nd2 h6 4. Ngf3 Nf6 5. e5 Nfd7 6. Bd3 c5 7. c3 Nc6 8. O-O g5 9. b3 Qb6 10. Bb2 g4 11. Ne1 cxd4 12. cxd4 Nxd4 13. Qxg4 Nc6 14. Ndf3 {[%emt 0:15:06] White is more active.} h5 15. Qf4 {[%emt 0:06:42] [#] Strongly threatening Ng5.} Qb4 16. Qxb4 (16. Nd4 $14 {might be stronger.}) 16... Nxb4 $11 17. Nd4 a6 18. Be2 Nc5 19. a3 Nc6 20. Nef3 Bd7 21. Rac1 Ne4 22. Rfd1 Bh6 23. Rc2 O-O 24. h4 {[%emt 0:03:10] The position is equal.} Rfc8 25. Nxc6 Rxc6 26. Rxc6 bxc6 27. b4 a5 28. Ne1 axb4 29. axb4 Rb8 (29... Ra2 $5 30. Nd3 $8 Bc8 31. Bxh5 Ba6 $11) 30. Nd3 Bf8 31. Bd4 Bxb4 32. Rb1 {[%emt 0:00:16][%cal Od3c5] [#] aiming for Nc5!} (32. Nxb4 Rxb4 33. Bf3 c5 34. Bxe4 cxd4 $17 (34... Rxd4 35. Rxd4 cxd4 36. Bd3 $11)) 32... Bd6 33. Rxb8+ Bxb8 34. Bxh5 c5 35. Nxc5 (35. Bxc5 $2 {too greedy.} Bb5 36. Bd4 Bxd3 $19) 35... Nxc5 36. Bxc5 {[%emt 0:00:04] Hoping for f4.} Bxe5 {[%emt 0:00:08] Weighted Error Value: White=0.06 (flawless) /Black=0.05 (flawless) .  Mistake:       	White=1     	---        Inaccurate:     	White=2     	Black=2      OK:         	White=13    	Black=12     Best:        	White=3     	Black=2} 1/2-1/2

[Event "WWRR IM-Group 2024"]
[Site "Wachtebeke"]
[Date "2024.02.14"]
[Round "7.2"]
[White "De Waele, Warre"]
[Black "Milliet, Sophie"]
[Result "1/2-1/2"]
[ECO "D30"]
[WhiteElo "2345"]
[BlackElo "2384"]
[Annotator "TA"]
[PlyCount "30"]
[EventDate "2024.02.12"]
[EventType "tourn"]
[EventCountry "BEL"]
[SourceTitle "playchess.com"]
[Source "ChessBase"]
[SourceQuality "1"]
[TimeControl "40/5400+30:900+30"]

1. d4 Nf6 2. Nf3 d5 3. e3 a6 4. c4 e6 5. Nbd2 c5 {[%emt 0:05:12] The position is equal.} 6. dxc5 Bxc5 7. Bd3 dxc4 8. Bxc4 O-O 9. O-O Nc6 10. b3 b5 11. Be2 Bb7 12. Bb2 Be7 13. a3 Rc8 14. b4 a5 15. bxa5 Qxa5 {[%emt 0:00:15] Not much happened in this game.   Weighted Error Value: White=0.03 (flawless) /Black=0.03 (flawless) .  OK:         	White=3     	Black=3} 1/2-1/2

[Event "WWRR IM-Group 2024"]
[Site "Wachtebeke"]
[Date "2024.02.14"]
[Round "7.3"]
[White "Matnadze Bujiashvili, Ann"]
[Black "Gloeckler, Christian"]
[Result "1/2-1/2"]
[ECO "D23"]
[WhiteElo "2364"]
[BlackElo "2354"]
[Annotator "TA"]
[PlyCount "144"]
[EventDate "2024.02.12"]
[EventType "tourn"]
[EventCountry "BEL"]
[SourceTitle "playchess.com"]
[Source "ChessBase"]
[SourceQuality "1"]
[TimeControl "40/5400+30:900+30"]

1. d4 Nf6 2. Nf3 d5 3. g3 c5 4. c4 dxc4 5. Bg2 Nc6 6. Qa4 cxd4 7. Nxd4 Qxd4 8. Bxc6+ Bd7 9. Bxd7+ Qxd7 10. Qxc4 Rc8 11. Qf4 g6 12. O-O Bg7 13. Nc3 O-O 14. Qf3 Qc6 15. Be3 Qxf3 16. exf3 a6 17. Rfd1 Rfd8 18. a4 Kf8 19. Kf1 Ke8 20. Ke2 Rxd1 21. Rxd1 Nd7 22. Bd4 Bxd4 23. Rxd4 e6 24. Rh4 h5 25. Rb4 b6 26. h4 Rc6 27. f4 Ke7 28. Rd4 Nf6 29. Kd3 Ng4 30. Ke2 Nh6 31. Rd3 Nf5 32. Kd2 Nd6 33. b3 b5 34. axb5 axb5 35. Rd4 Ra6 36. Kc2 Ra1 37. Kb2 Ra5 38. Kb1 Ra7 $2 {[%emt 0:01:04][%mdl 8192] [#]} (38... Ra8 $11 {and Black stays safe.}) 39. Rxd6 $1 $18 b4 40. Ne4 f5 41. Rd4 fxe4 42. Rxb4 (42. Rxe4 Rd7 43. Kc2 (43. Rxb4 Rd2 $18) 43... Rc7+ 44. Rc4 Ra7 $16) 42... Rd7 43. Kc2 (43. Rxe4 Rd2 44. Re5 (44. f3 Rd3 $11) 44... Rxf2 $18) 43... Ra7 44. Kd2 (44. Rxe4 Ra2+ 45. Kc3 Rxf2) 44... Ra2+ 45. Ke3 Rb2 46. Rb7+ ({Inferior is} 46. Rxe4 Rxb3+ 47. Ke2 Ra3 $11) (46. Kxe4 Rxf2 47. Rd4 Re2+ 48. Kf3 Rc2 $16) 46... Kf6 47. b4 (47. Kxe4 Rxf2 48. Rc7 Re2+ 49. Kd4 Rd2+ 50. Kc5 Rg2 $16) 47... e5 48. fxe5+ (48. Kxe4 exf4 49. Rb6+ (49. Kxf4 Rxf2+ 50. Ke3 Rc2 $14) 49... Kg7 $16) 48... Kxe5 49. Rb5+ Kf6 50. Kxe4 Rxf2 51. Rb6+ $2 (51. Kd4 $18 {has better winning chances.}) 51... Kg7 $16 52. Rb7+ Kf6 53. Rb6+ Kg7 $1 54. b5 (54. Rc6 $16 Rb2 55. Rc4) 54... Rb2 $2 (54... Rg2 $11) 55. Rb8 $2 (55. Rb7+ $18 Kf6 56. Rb6+ Ke7 57. Rxg6 Rb4+ 58. Kf3 Rb3+ 59. Kf4 Rxb5 60. Rg5 Rb4+ 61. Kf3) 55... Rb3 $11 56. Kf4 Rb4+ 57. Ke5 Rb3 58. Rb7+ Kh6 59. Kf4 Rb4+ 60. Kf3 Rb3+ 61. Kg2 Rb2+ $1 62. Kf3 Rb3+ $1 63. Kf4 Rb4+ 64. Ke5 Rb3 65. b6 Rxg3 66. Rc7 Rb3 67. b7 g5 68. hxg5+ Kxg5 69. Kd6 h4 70. Rc5+ Kg4 71. Rc4+ Kg5 72. Kc7 h3 1/2-1/2

[Event "WWRR IM-Group 2024"]
[Site "Wachtebeke"]
[Date "2024.02.14"]
[Round "7.4"]
[White "Dobrikov, Marco"]
[Black "Hauchamps, Maxime"]
[Result "1-0"]
[ECO "D45"]
[WhiteElo "2260"]
[BlackElo "2267"]
[Annotator "TA"]
[PlyCount "53"]
[EventDate "2024.02.12"]
[EventType "tourn"]
[EventCountry "BEL"]
[SourceTitle "playchess.com"]
[Source "ChessBase"]
[SourceQuality "1"]
[TimeControl "40/5400+30:900+30"]

1. d4 d5 2. c4 c6 3. Nf3 Nf6 4. Nc3 e6 5. e3 Nbd7 6. Be2 dxc4 7. a4 Bd6 8. Nd2 O-O 9. Nxc4 Bc7 10. b3 {[%emt 0:00:04] The position is equal.} Nd5 11. Qd2 Re8 12. O-O Nxc3 13. Qxc3 e5 14. dxe5 Nxe5 15. Bb2 {[%emt 0:00:10] [#] Threatens to win with f4.} f6 (15... Qf6 $14) 16. Rfd1 Qe7 17. Ba3 Qf7 18. Nd6 Bxd6 19. Rxd6 {[%emt 0:00:36] Hoping for f4.} Kh8 (19... Qg6 $1 $14) 20. Rad1 {[%emt 0:02:58] White is more active.} (20. f4 $16 Ng4 21. e4) 20... Be6 21. f4 Ng4 {[%emt 0:06:33] [#]} (21... Nd7 $14) 22. e4 $1 $36 {[%emt 0:06:58][%mdl 2048] White is in control.} f5 $2 {[%emt 0:07:14][%mdl 8192] This move loses the game for Black.} (22... Qg8 $16 {is more resistant.} 23. a5 Nh6) 23. Bxg4 $18 {[%emt 0:02:41] White is clearly winning.} fxg4 {[%emt 0:00:12] Black is weak on the dark squares} 24. f5 Bc8 25. Rd8 {[%emt 0:01:15] White threatens Rxe8+ and mate.} Bxf5 26. Rxa8 Rxa8 27. Rf1 {[%emt 0:00:44] Weighted Error Value: White=0.12 (very precise) /Black=0.58.  Loses game:     	---       	Black=1      Mistake:       	White=1     	Black=3      Inaccurate:     	White=2     	---        OK:         	White=7     	Black=7      Best:        	White=1     	Black=1      Strong:       	White=1     	---} 1-0

[Event "WWRR IM-Group 2024"]
[Site "Wachtebeke"]
[Date "2024.02.14"]
[Round "7.5"]
[White "Victor, Julian"]
[Black "Ochs, Daniel Elias"]
[Result "1-0"]
[ECO "D02"]
[WhiteElo "2216"]
[BlackElo "2280"]
[Annotator "RC"]
[PlyCount "59"]
[EventDate "2024.02.12"]
[EventType "tourn"]
[EventCountry "BEL"]
[SourceTitle "playchess.com"]
[Source "ChessBase"]
[SourceQuality "1"]
[TimeControl "40/5400+30:900+30"]

1. d4 e6 2. Bf4 d5 3. e3 Nf6 4. Nf3 Bd6 5. Nbd2 O-O 6. Bd3 c5 7. dxc5 Bxc5 8. O-O Nc6 9. c4 Qe7 10. cxd5 exd5 11. h3 h6 12. Nb3 Bb6 13. Nbd4 Ne4 14. Rc1 Nxd4 15. Nxd4 Bxd4 16. exd4 Qb4 17. Bc2 Qb6 18. Re1 Bf5 19. Bb3 Be6 20. Bc7 Qb4 21. Be5 Qd2 22. Rc2 Qg5 23. Qc1 Qg6 24. Qe3 Rac8 25. Rec1 Rxc2 26. Rxc2 Nf6 27. Rc7 Qb1+ 28. Qc1 Qxc1+ 29. Rxc1 Nd7 30. Bf4 1-0

[Event "WWRR IM-Group 2024"]
[Site "Wachtebeke"]
[Date "2024.02.14"]
[Round "8.1"]
[White "Leenhouts, Koen"]
[Black "Ochs, Daniel Elias"]
[Result "1/2-1/2"]
[ECO "C03"]
[WhiteElo "2433"]
[BlackElo "2280"]
[Annotator "TA"]
[PlyCount "72"]
[EventDate "2024.02.12"]
[EventType "tourn"]
[EventCountry "BEL"]
[SourceTitle "playchess.com"]
[Source "ChessBase"]
[SourceQuality "1"]
[TimeControl "40/5400+30:900+30"]

1. e4 e6 2. d4 d5 3. Nd2 h6 4. Ngf3 Nf6 5. e5 Nfd7 6. Bd3 c5 7. c3 Nc6 8. O-O g5 9. b3 Qb6 10. Bb2 g4 11. Ne1 cxd4 12. cxd4 Nxd4 13. Qxg4 Nc6 14. Ndf3 {[%emt 0:15:06] White is more active.} h5 15. Qf4 Qb4 16. Qxb4 (16. Qe3 $16) 16... Nxb4 $11 17. Nd4 a6 18. Be2 Nc5 19. a3 Nc6 {[%emt 0:00:09] [#] White must now prevent ...Nxd4.} 20. Nef3 Bd7 21. Rac1 Ne4 22. Rfd1 Bh6 23. Rc2 O-O 24. h4 Rfc8 {[%emt 0:02:26] The position is equal.} 25. Nxc6 Rxc6 26. Rxc6 bxc6 27. b4 a5 {[%emt 0:00:55] next ...axb4 is good for Black.} 28. Ne1 axb4 29. axb4 Rb8 (29... Ra2 $5 30. Nd3 $8 c5 31. bxc5 Bb5 $11) 30. Nd3 $1 Bf8 31. Bd4 Bxb4 32. Rb1 {[%emt 0:00:16][%cal Od3c5] [#] Hoping for Nc5!} (32. Nxb4 Rxb4 33. Bf3 c5 34. Bxe4 cxd4 $17 (34... Rxd4 35. Rxd4 cxd4 36. Bd3 $11)) 32... Bd6 33. Rxb8+ Bxb8 34. Bxh5 c5 35. Nxc5 (35. Bxc5 $2 {perishes.} Bb5 36. Bd4 Bxd3 $19) 35... Nxc5 36. Bxc5 {[%emt 0:00:04] f4 would now be deadly.} Bxe5 {[%emt 0:00:08] Weighted Error Value: White=0.05 (flawless) /Black=0.04 (flawless) .  Mistake:       	White=1     	---        Inaccurate:     	White=1     	---        OK:         	White=14    	Black=11     Best:        	White=2     	Black=2      Strong:       	White=1     	---} 1/2-1/2